 Dungeon Crawl Stone Soup version 0.26-a0-610-g3e9335b (webtiles) character file.

Game seed: 10880072040351068284

69 B1Gdaddy5 the Covered (level 4, 0/35 HPs)
             Began as a Human Fighter on Sept 4, 2020.
             Slain by a goblin (5 damage)
             ... led by Robin
             ... on level 2 of the Dungeon.
             The game lasted 00:05:39 (833 turns).

B1Gdaddy5 the Covered (Human Fighter)                Turns: 833, Time: 00:05:39

Health: 0/35       AC: 10    Str: 17    XL:     4   Next: 42%
Magic:  4/4        EV:  7    Int:  9    God:
Gold:   60         SH:  8    Dex:  8    Spells: 3/3 levels left

rFire    . . .     SeeInvis .   a - +0 long sword
rCold    . . .     Faith    .   c - +0 kite shield
rNeg     . . .     Spirit   .   b - +0 scale mail
rPois    .         Reflect  .   (no helmet)
rElec    .         Harm     .   (no cloak)
rCorr    .                      j - +2 pair of gloves
MR       .....                  (no boots)
Stlth    ..........             (no amulet)
HPRegen  0.11/turn              l - -4 ring of dexterity (curse)
MPRegen  0.09/turn              (no ring)

@: no status effects
A: no striking features
a: no special abilities


You were on level 2 of the Dungeon.
You visited 1 branch of the dungeon, and saw 2 of its levels.

You collected 60 gold pieces.

Inventory:

Hand Weapons
 a - a +0 long sword (weapon)
Armour
 b - a +0 scale mail (worn)
 c - a +0 kite shield (worn)
 j - a +2 pair of gloves (worn)
Jewellery
 l - a cursed -4 ring of dexterity (left hand)
Scrolls
 g - 2 scrolls of teleportation {unknown}
Potions
 d - a potion of might
 e - 2 potions of cancellation
 h - a potion of stabbing {unknown}
 i - 2 potions of flight
 k - a potion of brilliance {unknown}


   Skills:
 + Level 3.3 Fighting
 + Level 2.7 Long Blades
 + Level 3.7 Armour
 + Level 0.5 Dodging
 + Level 3.4 Shields


You had 3 spell levels left.
You didn't know any spells.
Your spell library was empty.

Dungeon Overview and Level Annotations

Branches:
Dungeon (2/15)

Altars:


Message History

You slash Robin!
Robin is almost dead.
Robin hits you but does no damage. The goblin hits you but does no damage.
Robin hits you with a +0 spear.
* * * LOW HITPOINT WARNING * * *
You hit Robin.
You kill Robin!
The goblin closely misses you.
You riposte.
You slash the goblin!
You kill the goblin!
You slash the goblin!
You kill the goblin!
You closely miss the goblin. The goblin hits you.
* * * LOW HITPOINT WARNING * * *
You barely miss the goblin. The goblin hits you.
* * * LOW HITPOINT WARNING * * *
You block the goblin's attack.
You barely miss the goblin. The goblin hits you.
* * * LOW HITPOINT WARNING * * *
You completely miss the goblin. The goblin hits you.
You die...

####### ######
#†)@g.# #..@.#
#.###.# #.##.# #.#
#.# #. #.# #.###.###
#. #.###....gg.####
.. #..............##
.) ##########......#
.@. ........[....g.#
..#
....####..#....######


You could see a goblin (strong).

Vanquished Creatures
  Jessica (D:2)
  Robin (D:2)
  A leopard gecko (D:1)
  A bat (D:1)
  11 goblins
  3 hobgoblins
  3 jackals (D:1)
  3 frilled lizards (D:1)
  3 kobolds (D:1)
  A rat (D:1)
28 creatures vanquished.

Notes
Turn   | Place    | Note
-------+----------+-------------------------------------------
     0 | D:1      | B1Gdaddy5 the Human Fighter began the quest for the Orb.
     0 | D:1      | Reached XP level 1. HP: 18/18 MP: 1/1
   206 | D:1      | Reached XP level 2. HP: 24/24 MP: 2/2
   590 | D:1      | Reached XP level 3. HP: 29/29 MP: 3/3
   743 | D:2      | Noticed Jessica
   773 | D:2      | Killed Jessica
   780 | D:2      | Noticed Robin
   810 | D:2      | Reached XP level 4. HP: 23/35 MP: 4/4
   828 | D:2      | Killed Robin
   833 | D:2      | Slain by a goblin

Illustrated notes

Levels and vault maps discovered:
D:1:      dpeg_arrival_more_subterranean_lakeside_camping, layout_loops_ring
D:2:      layout_basic, uniq_jessica, uniq_robin

Action                   |  1- 3 |  4- 6 || total
-------------------------+-------+-------++-------
Melee: Long sword        |    76 |    21 ||    97
  Use: Scroll            |     2 |       ||     2
Armor: Scale mail        |    35 |     7 ||    42
Dodge: Dodged            |    25 |     4 ||    29
Block: Kite shield       |    36 |    13 ||    49
       Rpst.: Long sword |     6 |     3 ||     9

Table legend: (Time is in decaauts)
 A = Elapsed time spent in this place.
 B = Non-inter-level travel time spent in this place.
 C = Inter-level travel time spent in this place.
 D = Time resting spent in this place.
 E = Time spent auto-exploring this place.
 F = Levels seen in this place.
 G = Mean time per level.
                   A        B        C        D        E       F      G
               +--------+--------+--------+--------+--------+-----+--------+
         Total |    868 |    851 |     17 |      0 |    509 |   2 |  434.0 |
       Dungeon |    868 |    851 |     17 |      0 |    509 |   2 |  434.0 |
               +--------+--------+--------+--------+--------+-----+--------+

Top non-repeatable levels by time:
     D:1: 735 daAuts
     D:2: 133 daAuts
